 Dungeon Crawl Stone Soup version 0.24.1 (webtiles) character file.

Game seed: 18126216569601527396, levelgen mode: deterministic

86 Peloso the Shield-Bearer (level 4, -18/40 HPs)
             Began as a Minotaur Fighter on Mar 25, 2020.
             Blown up by Ijyb (31 damage)
             ... with a disintegration bolt
             ... on level 2 of the Dungeon.
             The game lasted 00:02:25 (1175 turns).

Peloso the Shield-Bearer (Minotaur Fighter)         Turns: 1175, Time: 00:02:26

Health: -18/40     AC:  7    Str: 20 (21) XL:     4   Next: 27%
Magic:  3/3        EV:  7    Int:  4 (5)  God:
Gold:   51         SH:  9    Dex:  8 (10) Spells: 3/3 levels left

rFire    . . .     SeeInvis .   a - +0 long sword
rCold    . . .     Gourm    .   c - +0 shield
rNeg     . . .     Faith    .   b - +0 scale mail
rPois    .         Spirit   .   (helmet restricted)
rElec    .         Reflect  .   (no cloak)
rCorr    .         Harm     .   (no gloves)
MR       .....                  (no boots)
Stlth    ..........             e - amulet of inaccuracy (curse)
HPRegen  0.13/turn              (no ring)
MPRegen  0.08/turn              (no ring)

@: no status effects
A: retaliatory headbutt, horns 2
a: no special abilities


You were on level 2 of the Dungeon.
You were very hungry.

You visited 1 branch of the dungeon, and saw 3 of its levels.

You collected 51 gold pieces.

Inventory:

Hand Weapons
 a - a +0 long sword (weapon)
Armour
 b - a +0 scale mail (worn)
 c - a +0 shield (worn)
Jewellery
 e - a cursed amulet of inaccuracy (around neck)
Scrolls
 i - a scroll of enchant armour
 l - a scroll of amnesia
Potions
 d - a potion of might
 g - a potion of flight
Comestibles
 f - 3 rations


   Skills:
 + Level 4.1 Fighting
 + Level 3.4 Long Blades
 + Level 4.3 Armour
 + Level 0.4 Dodging
 + Level 4.5 Shields


You had 3 spell levels left.
You didn't know any spells.
Your spell library was empty.

Dungeon Overview and Level Annotations

Branches:
Dungeon (3/15)

Altars:

Annotations:
D:2 Ijyb


Innate Abilities, Weirdness & Mutations

You reflexively headbutt those who attack you in melee.
You have a pair of horns on your head.


Message History

You completely miss Ijyb. Ijyb hits you but does no damage.
Your shield and scale mail prevent you from hitting Ijyb.
Ijyb hits you but does no damage. x2
You closely miss Ijyb.
Ijyb zaps a wand.
You are blasted!
Your shield prevents you from hitting Ijyb.
Your headbutt misses Ijyb.
Ijyb zaps a wand.
You are blasted!
You closely miss Ijyb. Your headbutt misses Ijyb. Ijyb barely misses you. x2
You furiously retaliate!
You headbutt Ijyb, but do no damage. You barely miss Ijyb. You headbutt Ijyb!
Ijyb is moderately wounded.
Ijyb screams, "Me kill you!" Ijyb hits you but does no damage.
You miss Ijyb. You headbutt Ijyb, but do no damage.
Ijyb is moderately wounded.
Ijyb completely misses you.
You closely miss Ijyb. Your headbutt misses Ijyb.
Ijyb is moderately wounded.
Ijyb zaps a wand.
You are blasted!
Ouch! That really hurt!
You die...

##### #######
#§§§#########.....#############
#§§§§§§§...............†......#
#§§§#######.........###.......<
#§§§# #.........# #######..
##### #.........# ##.
#...).....# #. #...).....# #.
##..@....## #. #...g.....# #.
#.........# #.
##########.........# #.
##..>##...#.........### #<
##.....................## ##
#...................##..########
#............#.....####.........
#............<..#########...###.


You could see Ijyb.

Vanquished Creatures
  An orc priest (D:3)
  2 adders (D:2)
  3 oozes
  2 leopard geckos
  3 orcs
  A giant cockroach (D:2)
  A goblin (D:1)
  3 hobgoblins
  3 bats
  2 frilled lizards
  4 kobolds (D:1)
  A rat (D:2)
26 creatures vanquished.

Notes
Turn   | Place    | Note
-------+----------+-------------------------------------------
     0 | D:1      | Peloso the Minotaur Fighter began the quest for the Orb.
     0 | D:1      | Reached XP level 1. HP: 19/19 MP: 0/0
   168 | D:1      | Reached XP level 2. HP: 21/27 MP: 1/1
   791 | D:2      | Reached XP level 3. HP: 32/33 MP: 2/2
  1159 | D:3      | Reached XP level 4. HP: 34/40 MP: 3/3
  1161 | D:3      | Noticed Ijyb
  1175 | D:2      | Blown up by Ijyb

Levels and vault maps discovered:
D:1:      scummos_arrival_simple_fountains, layout_loops_ring, nrook_uturn
D:2:      layout_rooms, first_ration
D:3:      layout_loops_ring, serial_bayou, serial_bayou_pond_d,
          serial_bayou_pond_e, serial_bayou_pond_e, serial_bayou_ford_a,
          grunt_ministairs_15, st_stairs_4, uniq_ijyb

Skill      XL: |  1  2  3 |
---------------+----------+-----
Shields        | 4 |  4.5
Fighting       | 4 |  4.1
Long Blades    | 3 |  3.4
Armour         | 4 |  4.3
Dodging        | |  0.4

Action                   |  1- 3 |  4- 6 || total
-------------------------+-------+-------++-------
Melee: Long sword        |   103 |    10 ||   113
       Headbutt          |    11 |     2 ||    13
  Use: Potion            |     4 |       ||     4
       Scroll            |     3 |       ||     3
Armor: Scale mail        |    50 |     4 ||    54
Dodge: Dodged            |    34 |     4 ||    38
Block: Shield            |    60 |     1 ||    61
       Rpst.: Long sword |    12 |     1 ||    13
